 Dungeon Crawl Stone Soup version 0.17-a0-2158-g6d76252 (webtiles) character file.

189612 Ordine the Thaumaturge (level 18, -4/113 HPs)
             Began as a Gargoyle Fire Elementalist on Oct 25, 2015.
             Was the Champion of Vehumet.
             Hit by a large rock thrown by Polyphemus (26 damage)
             ... on level 3 of the Shoals.
             The game lasted 04:36:13 (48172 turns).

Ordine the Thaumaturge (GrFE)                      Turns: 48172, Time: 04:36:13

Health: -4/113     AC: 32    Str: 18    XL:     18   Next: 58%
Magic:  9/36       EV: 16    Int: 23    God:    Vehumet [******]
Gold:   2066       SH:  7    Dex: 11    Spells: 8 memorised, 18 levels left

rFire  + . .     SeeInvis +     D - staff of fire
rCold  + . .     Clarity  +     g - +0 mottled dragon armour
rNeg   + + .     SustAt   .     y - +2 buckler "Giryigag" {rPois rN+ Str+5}
rPois  ∞         Gourm    .     t - +1 hat {MR+}
rElec  +         Spirit   .     P - +2 cloak
rCorr  .         Warding  .     o - +2 pair of gloves
rMut   .         Stasis   .     (no boots)
MR     ++...                    d - amulet of clarity
Stlth  ++........               u - ring of see invisible
                                W - ring of protection from cold

@: flying, very resistant to hostile enchantments, unstealthy
A: big wings, talons 1, rough black scales 1, thin skeletal structure 1,
negative energy resistance 1, electricity resistance, unbreathing, petrification
resistance, rot immunity, AC +13
a: Stop Flying, Renounce Religion


You were on level 3 of the Shoals.
You worshipped Vehumet.
Vehumet was exalted by your worship.
You were not hungry.

You visited 6 branches of the dungeon, and saw 33 of its levels.
You also visited: Labyrinth.

You collected 4011 gold pieces.
You spent 1879 gold pieces at shops.

Inventory:

Hand Weapons
 F - a +5 flail of protection
Armour
 g - a +0 mottled dragon armour (worn)
 o - a +2 pair of gloves (worn)
 t - a +1 hat of magic resistance (worn)
 y - the +2 buckler "Giryigag" (worn) {rPois rN+ Str+5}
   (You found it on level 5 of the Dungeon)

   It affects your strength (+5).
   It protects you from poison.
   It protects you from negative energy.
 P - a +2 cloak (worn)
Magical Staves
 D - an uncursed staff of fire (weapon)
Jewellery
 d - an amulet of clarity (around neck)
 f - an uncursed amulet of warding
 s - an uncursed ring of teleportation
 u - a ring of see invisible (right hand)
 K - an uncursed amulet of resist mutation
 W - a ring of protection from cold (left hand)
Wands
 a - a wand of teleportation (4)
 h - a wand of digging (20)
 x - a wand of disintegration (16)
Scrolls
 b - a scroll of brand weapon
 k - a scroll of immolation
 p - 7 scrolls of blinking
 q - 5 scrolls of fog
 v - 6 scrolls of fear
 C - 8 scrolls of remove curse
 J - 5 scrolls of teleportation
 U - 3 scrolls of summoning
Potions
 e - 10 potions of curing
 n - 2 potions of haste
 z - 2 potions of cancellation
 I - 4 potions of magic
 S - a potion of heal wounds
Miscellaneous
 c - a fan of gales
 i - a disc of storms
Comestibles
 j - 21 fruits
 l - 10 chunks of flesh


   Skills:
 + Level 12.7 Fighting
 - Level 12.0 Maces & Flails
 - Level 6.0 Armour
 - Level 10.0 Dodging
 - Level 2.1 Stealth
 - Level 5.3 Shields
 * Level 14.2 Spellcasting
 + Level 8.6 Conjurations
 + Level 12.6 Fire Magic
 + Level 8.4 Air Magic
 - Level 10.0 Evocations


You had 18 spell levels left.
You knew the following spells:

 Your Spells              Type           Power        Failure   Level  Hunger
a - Throw Flame           Conj/Fire      ######       1%          2    None
b - Conjure Flame         Conj/Fire      #######.     1%          3    None
c - Sticky Flame          Conj/Fire      #######.     1%          4    None
d - Fireball              Conj/Fire      #######...   1%          5    ###....
f - Repel Missiles        Chrm/Air       #####.       1%          2    None
g - Airstrike             Air            ######....   1%          4    None
h - Bolt of Magma         Conj/Fire/Erth ######....   2%          5    ###....
i - Delayed Fireball      Conj/Fire      N/A          17%         7    ######.


Dungeon Overview and Level Annotations

Branches:
Dungeon (15/15)            Temple (1/1) D:4            Lair (8/8) D:9
 Shoals (3/4) Lair:6        Snake (0/4) Lair:3        Slime (0/6) Lair:8
    Orc (4/4) D:11            Elf (2/3) Orc:4        Vaults (0/5) D:13
 Depths (0/5) D:15

Altars:
Ashenzari
Cheibriados
Dithmenos
Elyvilon
Fedhas
Gozag
Kikubaaqudgha
Makhleb
Nemelex Xobeh
Okawaru
Qazlal
Ru
Sif Muna
Trog
Vehumet
Xom
Yredelemnul
Zin
The Shining One
Beogh

Shops:
D:4 *   D:8 ?   D:10 =   Orc:1 %   Orc:4 :*([   Elf:1 *   Shoals:1 (

Portals:
Trove: D:13 (give +5 demon blade)

Annotations:
D:15 EuServersOMG's ghost, journeyman MfSk
Shoals:3 Polyphemus


Innate Abilities, Weirdness & Mutations

You are resistant to torment.
Your stone body is resilient (AC +13).
You are immune to poison.
Your large and strong wings let you fly indefinitely.
You resist negative energy.
You are resistant to electric shocks.
You can survive without breathing.
You are immune to petrification.
You are immune to rotting.
You have sharp toenails.
You are partially covered in rough black scales (AC +4, Dex -1).
You have a somewhat thin skeletal structure (Dex +2, Stealth).


Message History

Press: ? - help, Shift-Dir - straight line, f/p - Polyphemus
Aim: Polyphemus (lightly wounded)
You feel a surge of power!
The puff of flame hits Polyphemus.
Polyphemus is lightly wounded.
Polyphemus is engulfed in a cloud of scalding steam.
Polyphemus throws a large rock.
The large rock hits you!!
* * * LOW HITPOINT WARNING * * *
Unknown command.
Polyphemus is engulfed in a cloud of scalding steam.
Polyphemus throws a large rock.
The large rock hits you!
* * * LOW HITPOINT WARNING * * *
You hear a splash.
You see here a large rock.
Drink which item? (? for menu, Esc to quit)
You feel better.
Polyphemus is engulfed in a cloud of scalding steam.
Polyphemus throws a large rock.
The large rock closely misses you.
You hear a splash.
Polyphemus throws a large rock.
The large rock hits you!!
You die...

## .≈≈≈ .##..≈≈ ≈≈≈≈≈≈≈≈≈.#
...).≈≈≈ ≈≈≈≈≈≈≈≈≈.# ...
...≈≈≈≈≈≈≈≈≈≈≈≈≈≈..####...
...≈≈≈≈≈≈≈≈≈≈≈≈≈≈........#
....≈≈≈≈≈≈≈≈≈≈(≈≈........#
...≈≈≈≈≈≈≈≈≈≈≈≈≈≈≈≈.>....#
..≈≈≈≈≈≈≈≈≈≈≈≈(≈≈≈≈≈......#.
..≈≈≈≈≈≈≈≈≈≈≈≈(≈@≈..$.......
(..≈≈≈≈.≈≈≈≈≈≈≈≈≈((..###...=
≈...≈≈≈≈≈≈≈≈≈≈≈≈≈≈(..##..≈≈≈
(.(.≈≈≈≈≈≈≈≈≈≈≈≈≈≈Y(!...≈≈≈≈
≈≈..≈≈≈≈≈≈≈≈≈≈≈≈≈≈≈.≈C≈≈≈≈≈≈
(≈..≈≈≈≈≈≈)≈≈≈≈≈..###.≈≈≈≈≈≈
...≈≈)≈..)≈≈≈≈≈.^## .≈≈≈≈≈≈
...()≈≈..)..≈≈≈.## ≈≈≈≈≈≈≈
....≈≈≈)))#.≈.≈......≈≈≈≈≈≈≈


You could see Polyphemus and a death yak (petrified).

Vanquished Creatures
  Saint Roka (Orc:4)
  Nikola (Elf:2)
  Gastronok (Lair:1)
  Kirke (Lair:6)
  Maud (Lair:5)
  Nessos (Orc:4)
  A minotaur (Lab)
  A fire dragon (D:14)
  A merfolk javelineer (Shoals:3)
  8 vault guards (D:13)
  A merfolk impaler (Shoals:2)
  The ghost of Burgietje the Fighter, a journeyman MiFi of Okawaru (D:10)
  The ghost of Burgietje the Fighter, a journeyman MiFi of Okawaru (D:11)
  Josephine (Lair:4)
  An ice dragon (D:15)
  Harold (Lair:1)
  3 catoblepae
  A merfolk avatar (Shoals:1)
  2 centaur warriors
  14 hydras
  Erica (Lair:1)
  2 alligator snapping turtles
  A merfolk aquamancer (Shoals:2)
  23 dancing weapons
  A tengu warrior (D:14)
  The ghost of comborobin the Slicer, a journeyman TeSk of Zin (D:11)
  22 death yaks
  3 orc high priests
  A satyr (Shoals:3)
  Sonja (D:14)
  Nergalle (Lair:2)
  14 deep elf knights
  3 unseen horrors
  A sea snake (shapeshifter) (D:14)
  A large abomination (Elf:1)
  3 skeletal warriors (D:15)
  5 sea snakes
  4 orc knights
  4 hill giants
  8 deep elf summoners
  A wolf spider zombie (D:12)
  6 oklob plants
  6 cyclopes
  7 griffons
  8 ugly things
  5 harpies (Shoals:1)
  4 orc sorcerers
  13 deep elf conjurers
  A salamander (shapeshifter) (Elf:1)
  5 manticores
  5 fauns
  A water nymph (Shoals:2)
  2 sirens (Shoals:1)
  Maurice (D:10)
  8 elephants
  A gargoyle (D:14)
  Joseph (Lair:1)
  6 black mambas
  Psyche (D:9)
  16 spiny frogs
  An efreet (D:14)
  15 komodo dragons
  A yaktaur (D:15)
  A freezing wraith (D:14)
  A kobold demonologist (D:12)
  14 merfolk
  A harpy zombie (D:13)
  29 blink frogs
  A snapping turtle (shapeshifter) (Elf:1)
  7 fire drakes
  17 slime creatures
  18 deep elf priests
  6 snapping turtles
  4 trolls
  5 wraiths
  A boulder beetle (Lair:8)
  A centaur simulacrum (D:14)
  3 water elementals
  60 yaks
  23 deep elf fighters
  2 hungry ghosts
  25 deep elf magi
  4 wyverns
  3 hogs (Lair:6)
  A steam dragon (D:9)
  14 basilisks
  Grum (D:9)
  23 hippogriffs
  4 nagas (Lair:3)
  11 wolves
  A warg (Orc:1)
  2 mottled dragons
  28 orc warriors
  A necrophage (D:12)
  3 sky beasts
  11 porcupines
  20 water moccasins
  A wasp (D:9)
  6 ice beasts
  2 phantoms
  An eye of draining (D:11)
  14 ogres
  8 centaurs
  5 big kobolds
  A brain worm (D:13)
  22 giant frogs
  16 crocodiles
  A gnoll sergeant (D:8)
  A wyvern zombie (D:13)
  A water moccasin zombie (D:10)
  30 killer bees
  3 scorpions
  2 wyvern skeletons
  A vampire bat (Orc:4)
  7 electric eels
  28 orc priests
  2 centaur zombies
  A lava snake (Lair:8)
  10 crimson imps
  33 orc wizards
  3 jellies
  3 quasits
  Crazy Yiuf (D:5)
  5 centaur skeletons
  2 giant frog skeletons (D:9)
  8 worker ants
  Terence (D:2)
  15 hounds
  14 iguanas
  46 sheep
  17 adders
  38 river rats
  6 gnolls (D:8)
  5 shadow imps
  An ooze (D:2)
  A worm (D:4)
  2 adder skeletons (D:6)
  An adder zombie (D:9)
  4 giant geckos
  152 orcs
  3 giant cockroaches (D:1)
  14 goblins
  5 hobgoblins
  17 jackals
  6 quokkas
  2 ball pythons (D:2)
  8 bats
  2 giant newts
  A jackal skeleton (D:8)
  18 kobolds
  A quokka skeleton (D:4)
  9 rats
  A fungus (D:5)
  A plant (Lair:8)
1213 creatures vanquished.

Vanquished Creatures (collateral kills)
  The ghost of zigs the Sorcerer, an adept SpWz of Qazlal (Elf:1)
  A deep elf knight (Elf:2)
2 creatures vanquished.

Vanquished Creatures (others)
  A golden eye (shapeshifter) (Elf:1)
  A deep elf fighter (Elf:2)
  A fire vortex (Lair:8)
  55 fungi
  14 plants
72 creatures vanquished.

Grand Total: 1287 creatures vanquished

Notes
Turn   | Place    | Note
--------------------------------------------------------------
     0 | D:1      | Ordine the Gargoyle Fire Elementalist began the quest for the Orb.
     0 | D:1      | Reached XP level 1. HP: 10/10 MP: 3/3
   118 | D:1      | Reached XP level 2. HP: 15/15 MP: 0/5
   659 | D:1      | Reached XP level 3. HP: 5/19 MP: 0/7
  1027 | D:2      | Found a shadowy altar of Dithmenos.
  1189 | D:2      | Reached XP level 4. HP: 24/24 MP: 4/8
  1336 | D:2      | Noticed Terence
  1341 | D:2      | Learned a level 3 spell: Conjure Flame
  1352 | D:2      | Killed Terence
  1668 | D:3      | Learned a level 4 spell: Sticky Flame
  1723 | D:3      | Reached XP level 5. HP: 12/28 MP: 1/10
  1728 | D:3      | Reached skill level 4 in Spellcasting
  2254 | D:3      | Reached XP level 6. HP: 32/32 MP: 9/12
  2528 | D:4      | Found Iratosho's Assorted Antiques.
  2534 | D:4      | Bought a scroll labeled KIRAPT ACEOF for 23 gold pieces
  2534 | D:4      | Bought a pair of runed gloves for 103 gold pieces
  2534 | D:4      | Bought a potion of curing for 69 gold pieces
  2673 | D:4      | Found a glowing golden altar of the Shining One.
  2757 | D:4      | Found a staircase to the Ecumenical Temple.
  2764 | Temple   | Entered the Ecumenical Temple
  2894 | D:4      | Reached skill level 5 in Spellcasting
  2894 | D:4      | Reached XP level 7. HP: 36/36 MP: 1/14
  3283 | D:4      | Learned a level 5 spell: Fireball
  3487 | D:4      | Bought a fuming emerald potion for 20 gold pieces
  3487 | D:4      | Bought a fuming green potion for 20 gold pieces
  3500 | D:5      | Entered Level 5 of the Dungeon
  3645 | D:5      | Got a faintly humming buckler
  3652 | D:5      | Identified the +2 buckler "Giryigag" {rPois rN+ Str+5} (You found it on level 5 of the Dungeon)
  3946 | D:5      | Noticed Crazy Yiuf
  3959 | D:5      | Killed Crazy Yiuf
  4114 | D:5      | Reached skill level 6 in Spellcasting
  4114 | D:5      | Reached skill level 5 in Fire Magic
  4114 | D:5      | Reached XP level 8. HP: 33/41 MP: 3/17
  4392 | D:6      | Reached skill level 5 in Conjurations
  4439 | D:6      | Reached skill level 1 in Shields
  4458 | D:6      | Found a deep blue altar of Sif Muna.
  4896 | D:6      | Reached skill level 5 in Shields
  5410 | D:6      | Reached skill level 1 in Maces & Flails
  5410 | D:6      | Reached XP level 9. HP: 46/46 MP: 11/19
  5418 | D:7      | Reached skill level 1 in Fighting
  5508 | D:7      | Reached skill level 1 in Evocations
  5512 | D:7      | Found a basalt altar of Yredelemnul.
  6465 | D:7      | Gained mutation: You have a somewhat thin skeletal structure (Dex +2, Stealth). [mutagenic glow]
  6638 | D:7      | Reached skill level 7 in Spellcasting
  6750 | D:8      | Found Abuakea's Magic Scroll Shop.
  6774 | D:8      | Bought 3 scrolls of identify for 78 gold pieces
  6774 | D:8      | Bought a scroll of identify for 26 gold pieces
  6774 | D:8      | Bought a scroll of enchant armour for 97 gold pieces
  6774 | D:8      | Bought a scroll of magic mapping for 45 gold pieces
  6774 | D:8      | Bought a scroll of identify for 26 gold pieces
  6774 | D:8      | Bought a scroll of teleportation for 39 gold pieces
  6774 | D:8      | Bought a scroll of remove curse for 39 gold pieces
  6774 | D:8      | Bought a scroll of immolation for 45 gold pieces
  6777 | D:8      | Gained mutation: Your spells are a little harder to cast, but a little more powerful. [potion of beneficial mutation]
  7130 | D:8      | Reached XP level 10. HP: 54/56 MP: 2/21
  7273 | D:8      | Noticed a two-headed hydra
  7281 | D:8      | Killed a two-headed hydra
  8010 | D:9      | Reached skill level 5 in Fighting
  8382 | D:9      | Found a staircase to the Lair.
  8393 | D:9      | Noticed Psyche
  8408 | D:9      | Killed Psyche
  8408 | D:9      | Reached skill level 8 in Spellcasting
  8818 | D:9      | Noticed Grum
  8843 | D:9      | Killed Grum
  8843 | D:9      | Reached XP level 11. HP: 46/64 MP: 0/23
  9225 | D:9      | Found a sparkling altar of Nemelex Xobeh.
  9226 | D:9      | Found a bloodstained altar of Trog.
  9226 | D:9      | Found a white marble altar of Elyvilon.
  9227 | D:9      | Found a radiant altar of Vehumet.
  9231 | D:9      | Became a worshipper of Vehumet
  9233 | D:9      | Found an iron altar of Okawaru.
  9234 | D:9      | Found a snail-covered altar of Cheibriados.
  9235 | D:9      | Found a shimmering altar of Xom.
  9439 | Lair:1   | Entered Level 1 of the Lair of Beasts
  9444 | Lair:1   | Noticed a four-headed hydra
  9452 | Lair:1   | Noticed Harold
  9496 | Lair:1   | Killed Harold
  9639 | Lair:1   | Noticed Joseph
  9671 | Lair:1   | Killed Joseph
  9671 | Lair:1   | Reached skill level 9 in Spellcasting
  9873 | Lair:1   | Learned a level 2 spell: Throw Flame
  9922 | Lair:1   | Noticed Gastronok
  9966 | Lair:1   | Killed Gastronok
  9966 | Lair:1   | Reached skill level 5 in Maces & Flails
  9966 | Lair:1   | Reached skill level 1 in Armour
 10142 | Lair:1   | Reached skill level 5 in Evocations
 10383 | Lair:1   | Reached skill level 5 in Dodging
 10584 | Lair:1   | Noticed Erica
 10596 | Lair:1   | Killed Erica
 11149 | Lair:1   | Reached * piety under Vehumet
 11149 | Lair:1   | Offered knowledge of Magic Dart by Vehumet.
 11149 | Lair:1   | Reached XP level 12. HP: 64/71 MP: 6/25
 11684 | Lair:2   | Found a labyrinth entrance.
 11688 | Lab      | Entered a labyrinth
 11971 | Lab      | Noticed a minotaur
 11979 | Lab      | Killed a minotaur
 12008 | Lab      | Identified the Handbook of Conjuration
 12022 | Lab      | Learned a level 2 spell: Repel Missiles
 12272 | Lair:2   | Killed a four-headed hydra
 12284 | Lair:2   | Noticed an eight-headed hydra
 12431 | Lair:2   | Killed an eight-headed hydra
 12431 | Lair:2   | Reached skill level 1 in Air Magic
 12803 | Lair:2   | Reached ** piety under Vehumet
 12803 | Lair:2   | Offered knowledge of Sandblast by Vehumet.
 13561 | Lair:2   | Noticed Nergalle
 13596 | Lair:2   | Killed Nergalle
 14605 | Lair:3   | Reached skill level 10 in Spellcasting
 14747 | Lair:3   | Found a staircase to the Snake Pit.
 14859 | Lair:3   | Offered knowledge of Ignite Poison by Vehumet.
 15117 | Lair:3   | Noticed a five-headed hydra
 15126 | Lair:3   | Killed a five-headed hydra
 15126 | Lair:3   | Reached XP level 13. HP: 74/78 MP: 9/27
 15995 | Lair:4   | Noticed Josephine
 15999 | Lair:4   | Reached *** piety under Vehumet
 16013 | Lair:4   | Killed Josephine
 16304 | Lair:4   | Reached skill level 5 in Armour
 16891 | Lair:4   | Offered knowledge of Airstrike by Vehumet.
 16906 | Lair:4   | Learned a level 4 spell: Airstrike
 17737 | Lair:5   | Noticed Maud
 17771 | Lair:5   | Killed Maud
 18002 | Lair:5   | Gained mutation: You are partially covered in rough black scales (AC +4, Dex -1). [potion of mutation]
 18002 | Lair:5   | Gained mutation: Your body sometimes deteriorates upon taking damage. [potion of mutation]
 18028 | Lair:5   | Learned a level 5 spell: Bolt of Magma
 18169 | Lair:5   | Reached **** piety under Vehumet
 18174 | Lair:5   | Offered knowledge of Bolt of Draining by Vehumet.
 19275 | Lair:6   | Found a staircase to the Shoals.
 19324 | Lair:6   | Gained mutation: Your large and strong wings let you fly indefinitely. [Gargoyle growth]
 19324 | Lair:6   | Reached XP level 14. HP: 86/86 MP: 23/28
 19431 | Lair:6   | Reached skill level 10 in Fire Magic
 21043 | Lair:6   | Noticed Kirke
 21056 | Lair:6   | Killed Kirke
 21056 | Lair:6   | Reached ***** piety under Vehumet
 22181 | Lair:6   | Offered knowledge of Lightning Bolt by Vehumet.
 23360 | Lair:8   | Entered Level 8 of the Lair of Beasts
 23635 | Lair:8   | Found a staircase to the Slime Pits.
 23815 | Lair:8   | Reached skill level 10 in Dodging
 23865 | Lair:8   | Reached XP level 15. HP: 72/92 MP: 3/29
 24112 | Lair:8   | Reached skill level 11 in Spellcasting
 24616 | Lair:8   | Reached skill level 5 in Air Magic
 24773 | Lair:8   | Reached skill level 10 in Fighting
 25418 | Lair:8   | Offered knowledge of Bolt of Cold by Vehumet.
 25907 | Lair:8   | Got a bronze chain mail
 25908 | Lair:8   | Identified the +3 chain mail of Music {Str-5 Int+3} (You found it on level 8 of the Lair of Beasts)
 27488 | D:10     | Entered Level 10 of the Dungeon
 28028 | D:10     | Gained mutation: You are partially covered in iridescent scales (AC +4). [mutagenic meat]
 28029 | D:10     | Lost mutation: Your spells are a little harder to cast, but a little more powerful. [mutagenic meat]
 28030 | D:10     | Gained mutation: You have sharp toenails. [mutagenic meat]
 28227 | D:10     | Noticed Maurice
 28231 | D:10     | Killed Maurice
 28257 | D:10     | Found Pupeuxte's Jewellery Emporium.
 28379 | D:10     | Bought an uncursed amulet of warding for 210 gold pieces
 28379 | D:10     | Bought a cursed ring of loudness for 63 gold pieces
 28468 | D:10     | Gained mutation: You have razor-sharp toenails. [mutagenic meat]
 28469 | D:10     | Gained mutation: You are resistant to hostile enchantments. [mutagenic meat]
 28470 | D:10     | Gained mutation: You are robust (+10% HP). [mutagenic meat]
 28472 | D:10     | Lost mutation: You are resistant to hostile enchantments. [mutagenic meat]
 28633 | D:10     | Noticed Burgietje's ghost (journeyman MiFi)
 28668 | D:10     | Killed Burgietje's ghost
 28927 | D:11     | Noticed Burgietje's ghost (journeyman MiFi)
 29129 | D:11     | Killed Burgietje's ghost
 29366 | D:11     | Found a staircase to the Orcish Mines.
 29650 | D:11     | Noticed comborobin's ghost (journeyman TeSk)
 29672 | D:11     | Killed comborobin's ghost
 29914 | D:11     | Offered knowledge of Bolt of Fire by Vehumet.
 30297 | Orc:1    | Entered Level 1 of the Orcish Mines
 30591 | Orc:2    | Found a roughly hewn altar of Beogh.
 30910 | Orc:1    | Found Usiown's Food Boutique.
 32358 | Orc:4    | Entered Level 4 of the Orcish Mines
 32419 | Orc:4    | Noticed Nessos
 32428 | Orc:4    | Killed Nessos
 32455 | Orc:4    | Reached skill level 10 in Maces & Flails
 33177 | Orc:4    | Noticed Saint Roka
 33201 | Orc:4    | Killed Saint Roka
 33201 | Orc:4    | Reached XP level 16. HP: 84/108 MP: 25/31
 33330 | Orc:4    | Found a roughly hewn altar of Beogh.
 33350 | Orc:4    | Reached ****** piety under Vehumet
 33693 | Orc:4    | Found Dennineb's Antique Weapon Boutique.
 33696 | Orc:4    | Found Gurhohorph's Book Boutique.
 33752 | Orc:4    | Found Wuben's General Store.
 33760 | Orc:4    | Bought a scroll of identify for 24 gold pieces
 33760 | Orc:4    | Bought a scroll of identify for 24 gold pieces
 33799 | Orc:4    | Found Roirism's Antique Armour Boutique.
 33805 | Orc:4    | Bought a pair of embroidered gloves for 139 gold pieces
 33868 | Orc:4    | Found a staircase to the Elven Halls.
 34322 | Elf:1    | Entered Level 1 of the Elven Halls
 34340 | Orc:4    | Offered knowledge of Poisonous Cloud by Vehumet.
 34618 | Elf:1    | Reached skill level 12 in Maces & Flails
 34815 | Elf:1    | Found an ancient bone altar of Kikubaaqudgha.
 34868 | Elf:1    | Noticed zigs's ghost (adept SpWz)
 34879 | Elf:1    | Found a radiant altar of Vehumet.
 34912 | Elf:1    | Killed zigs's ghost
 35199 | Elf:1    | Found Deig's Assorted Antiques.
 35224 | Elf:1    | Bought a scroll of identify for 78 gold pieces
 35224 | Elf:1    | Bought a dark potion for 35 gold pieces
 35286 | Elf:1    | Reached skill level 10 in Evocations
 36448 | Elf:2    | Noticed Nikola
 36471 | Elf:2    | Killed Nikola
 37040 | Elf:2    | Found a large runed door.
 37040 | Elf:2    | Found a large runed door.
 37071 | Elf:2    | Reached XP level 17. HP: 107/114 MP: 33/33
 37073 | Elf:2    | Found a large runed door.
 37073 | Elf:2    | Found a large runed door.
 37989 | Elf:2    | Offered knowledge of Delayed Fireball by Vehumet.
 38138 | Elf:2    | Learned a level 7 spell: Delayed Fireball
 39818 | D:8      | Bought a scroll of acquirement for 676 gold pieces
 40903 | D:13     | Found a portal to a secret trove of treasure.
 41244 | D:13     | Reached skill level 13 in Spellcasting
 41496 | D:13     | Found a gate to the Vaults.
 41997 | D:14     | Offered knowledge of Freezing Cloud by Vehumet.
 42148 | D:14     | Found a stormy altar of Qazlal.
 42451 | D:14     | Noticed Sonja
 42456 | D:14     | Killed Sonja
 42599 | D:14     | Got a twisted chain mail
 42600 | D:14     | Identified the cursed +1 chain mail of Poelua {+Inv Int+4 Slay-3} (You found it on level 14 of the Dungeon)
 43077 | D:15     | Entered Level 15 of the Dungeon
 43378 | D:15     | Found a staircase to the Depths.
 43744 | D:15     | Reached XP level 18. HP: 123/123 MP: 15/35
 43988 | D:15     | Found a blossoming altar of Fedhas.
 44202 | D:15     | Noticed EuServersOMG's ghost (journeyman MfSk)
 45612 | Shoals:1 | Entered Level 1 of the Shoals
 45683 | Shoals:1 | Offered knowledge of Ozocubu's Refrigeration by Vehumet.
 46486 | Shoals:1 | Found Vaoplywk's Weapon Boutique.
 47484 | Shoals:2 | Reached skill level 14 in Spellcasting
 48007 | Shoals:3 | Lost mutation: You have razor-sharp toenails. [potion of cure mutation]
 48007 | Shoals:3 | Lost mutation: Your body sometimes deteriorates upon taking damage. [potion of cure mutation]
 48007 | Shoals:3 | Lost mutation: You are robust (+10% HP). [potion of cure mutation]
 48007 | Shoals:3 | Lost mutation: You are partially covered in iridescent scales (AC +4). [potion of cure mutation]
 48155 | Shoals:3 | Noticed Polyphemus
 48172 | Shoals:3 | Hit by a large rock thrown by Polyphemus

Vault maps used:
D:1:      lightli_molten_gateway
D:2:      nicolae_dithmenos_through_a_glass_darkly, uniq_terence
D:4:      kennysheep_little_box, temple_green, serial_shops, shop
D:5:      first_bread, dk_noncrumbling_3, uniq_crazy_yiuf_cottage
D:6:      nicolae_overflow_crystal_walls, kennysheep_small_square
D:7:      corexii_shack_village, yredelemnul_altar_generic,
          minmay_misc_feat_tiny
D:8:      serial_shops, shop_coins, hangedman_ranch
D:9:      minitemple, minmay_lair_entry_lava, uniq_psyche, uniq_grum
D:10:     serial_shops, shop, columned_hall_lemuel, uniq_maurice
D:11:     orc_0_dummy
D:13:     erik_vaults_2, enter_trove_1
D:14:     special_room, minmay_misc_feat_diagonals,
          nicolae_qazlal_style_of_elements, uniq_sonja
D:15:     grunt_enter_depths_hoard, fedhas_altar_fruit_tree
Temple:   cyrus_temple_forest_13
Lair:1:   st_stairs_11, serial_bayou_shore_b, serial_bayou_shore_a,
          infiniplex_staircase_pool_2, uniq_gastronok, uniq_erica, uniq_joseph,
          uniq_harold
Lair:2:   lab_entry_generic, grunt_megastairs_4, uniq_nergalle
Lair:3:   minmay_snake_entry_guardpost_medium, infiniplex_staircase_pool
Lair:4:   disabler_island, uniq_josephine
Lair:5:   lemuel_fruit_tree, grunt_megastairs_5, bh_autumn_forest_stairs,
          uniq_maud
Lair:6:   beast_lair_carwin_large_4, elwin_shoals_entry_rooms, uniq_kirke
Lair:7:   serial_bayou_shore_b
Lair:8:   hangedman_lair_in_review, minmay_slime_entry_oklob_open
Shoals:1: serial_shops, shop
Shoals:3: nicolae_shoals_cliffside_cave, uniq_polyphemus
Orc:1:    serial_shops, shop
Orc:2:    basic_altar
Orc:3:    serial_shops, nicolae_orc_pool_cavern, nicolae_orc_flooded_monolith
Orc:4:    grunt_orc_cross, roderic_batcave, uniq_nessos
Elf:1:    minmay_elf_arrival_plus, serial_shops, nicolae_shop_window_shopping,
          hangedman_elven_crosses_minicolossus, hangedman_feature_mirror
Elf:2:    basic_loot_grate_trap, uniq_nikola
Lab:      labyrinth_mini_lab, labyrinth_lava_lair, labyrinth_skeletal_remains,
          nicolae_lab_t_cross

Action                   |  1- 3 |  4- 6 |  7- 9 | 10-12 | 13-15 | 16-18 || total
-------------------------+-------+-------+-------+-------+-------+-------++-------
Melee: Dagger            |    34 |    73 |    59 |       |       |       ||   166
       Quarterstaff      |       |    10 |     7 |       |       |       ||    17
       Mace              |       |       |     2 |       |       |       ||     2
       Club              |       |       |   115 |    48 |       |       ||   163
       Triple sword      |       |       |     1 |       |       |       ||     1
       Flail             |       |       |       |   286 |  1039 |   723 ||  2048
       Staff             |       |       |       |       |       |   313 ||   313
 Cast: Flame Tongue      |    47 |    61 |   269 |   249 |     1 |       ||   627
       Conjure Flame     |       |     3 |    14 |    16 |     1 |       ||    34
       Sticky Flame      |       |       |       |    13 |    78 |   164 ||   255
       Throw Flame       |       |       |       |   311 |   538 |   170 ||  1019
       Fireball          |       |       |       |       |    93 |   115 ||   208
       Airstrike         |       |       |       |       |    44 |   109 ||   153
       Repel Missiles    |       |       |       |       |     2 |     3 ||     5
       Bolt of Magma     |       |       |       |       |    45 |    30 ||    75
 Abil: Fly               |       |       |       |       |     1 |       ||     1
Evoke: Wand              |       |       |       |    21 |     8 |     2 ||    31
       Fan of gales      |       |       |       |       |     1 |     2 ||     3
       Deck              |       |       |       |       |       |     1 ||     1
  Use: Scroll            |     5 |     5 |    11 |     5 |    10 |    22 ||    58
       Potion            |       |       |     1 |    12 |     5 |     5 ||    23
 Stab: Sleeping          |     1 |     2 |     1 |       |     2 |     1 ||     7
       Distracted        |       |       |       |     1 |     2 |     1 ||     4
       Petrifying        |       |       |       |       |       |     1 ||     1
  Eat: Chunk             |     1 |     6 |    12 |    24 |    76 |    48 ||   167
       Beef jerky        |       |       |     1 |       |       |     1 ||     2
       Fruit             |       |       |       |     3 |     9 |     6 ||    18
       Bread ration      |       |       |       |       |     2 |     2 ||     4
       Pizza             |       |       |       |       |       |     1 ||     1
